 Dungeon Sprint DCSS version 0.19.5 (webtiles) character file.

128 Groucho the Covert (level 4, -13/21 HPs)
             Began as a Spriggan Enchanter on May 22, 2017.
             Was an Elder of Lugonu.
             Hit by a tomahawk thrown by an orc warrior (17 damage)
             ... in the Dungeon (Sprint VII: "The Pits").
             The game lasted 00:04:47 (2191 turns).

Groucho the Covert (Spriggan Enchanter)             Turns: 2191, Time: 00:04:48

Health: -13/21     AC:  3    Str:  4    XL:     4   Next: 87%
Magic:  4/13       EV: 18    Int: 16    God:    Lugonu [****..]
Gold:   0          SH:  0    Dex: 17    Spells: 5 memorised, 3 levels left

rFire  . . .     SeeInvis +     a - +2 dagger
rCold  . . .     Gourm    .     b - +1 robe
rNeg   . . .     Faith    .     (shield restricted)
rPois  .         Spirit   .     (helmet restricted)
rElec  .         Reflect  .     (no cloak)
rCorr  .         Harm     .     (gloves unavailable)
MR     .....     NoTele   +     (boots unavailable)
Stlth  +++++.....               (no amulet)
                                (no ring)
                                (no ring)

@: very slightly contaminated, very quick
A: unfitting armour, see invisible, herbivore 3, speed 3, slow metabolism 2
a: Bend Space, Banish, Corrupt, Renounce Religion


You were in the Dungeon.
You worshipped Lugonu.
Lugonu was greatly pleased with you.
You were not hungry.

You visited 1 branch

Inventory:

Hand Weapons
 a - a +2 dagger (weapon)
Missiles
 p - 5 stones (quivered)
Armour
 b - a +1 robe (worn)
Scrolls
 j - a scroll of blinking
 l - 3 scrolls of remove curse
 m - 5 scrolls of amnesia
 n - a scroll of summoning
Potions
 e - 5 potions of curing
 f - 6 potions of heal wounds
 g - a potion of haste
 h - 4 potions of magic
 i - 3 potions of berserk rage
 k - 2 potions of invisibility
Books
 c - a book of Maledictions

   Spells                             Type                      Level
   a - Corona                         Hexes                        1
   b - Ensorcelled Hibernation        Hexes/Ice                    2
   c - Confuse                        Hexes                        3
   d - Tukima's Dance                 Hexes                        3
   e - Dazzling Spray                 Conjuration/Hexes            3
Comestibles
 d - 8 bread rations
 o - 40 fruits


   Skills:
 - Level 1.1 Short Blades
 - Level 3.0 Dodging
 * Level 11.1 Stealth
 + Level 6.0 Spellcasting
 + Level 6.4 Hexes
 + Level 2.6 Invocations


You had 3 spell levels left.
You knew the following spells:

 Your Spells              Type           Power        Failure   Level  Hunger
a - Corona                Hex            ####...      1%          1    None
b - Ensorcelled Hibernat  Hex/Ice        ###...       8%          2    #......
c - Confuse               Hex            ####....     3%          3    ##.....
d - Dazzling Spray        Conj/Hex       ###...       12%         3    ##.....
e - Tukima's Dance        Hex            ####....     3%          3    ##.....


Dungeon Overview and Level Annotations

Branches:
Dungeon (1/1)

Altars:
Ashenzari
Cheibriados
Dithmenos
Elyvilon
Fedhas
Gozag
Hepliaklqana
Kikubaaqudgha
Makhleb
Nemelex Xobeh
Okawaru
Qazlal
Ru
Sif Muna
Trog
Uskayaw
Vehumet
Xom
Yredelemnul
Zin
The Shining One
Beogh
Jiyva
Lugonu


Innate Abilities, Weirdness & Mutations

You are very small and have problems with some larger weapons.
You are too small for most types of armour.
You have supernaturally acute eyesight. (SInv)
You are a herbivore.
You cover ground extremely quickly.
You need consume almost no food.


Message History

You strike the helpless orc wizard from behind!
You impale the orc wizard!!
You kill the orc wizard!
Lugonu accepts your kill.
Your Stealth skill increases to level 11!
Your Spellcasting skill increases to level 6!
Unknown command.
Casting: Dazzling Spray
Confirm with . or Enter, or press ? or * to list all spells.
Aiming: Ensorcelled Hibernation
Press: ? - help, Shift-Dir - straight line, f/p - orc
Aim: an orc, wielding a hand axe and wearing a ring mail (heavily wounded, blind, hasn't noticed you, chance to defeat MR: 63%)
The orc warrior resists with some effort.
The orc is no longer blind.
The orc warrior hits you from afar with a glaive!
Ouch! That really hurt!
* * * LOW HITPOINT WARNING * * *
The orc warrior throws a tomahawk.
The tomahawk hits you!
Ouch! That really hurt!
You die...

######## _______# _______#
_#####'###########++######
##.))#.##................#
.')))).##......#..#......#
######.##..o.............+
o.o.o..o'..o.o).@........+
###'#####......#..#......#
.#..#..##................#
.').'.)#####'#####++######
'####'###.......#
.......##.......#
.......##.......#
###'#####...<...#
.[)))..##.......#


You could see an orc warrior and 2 orcs.

Vanquished Creatures
  2 orc wizards (D)
  An iguana (D)
  An adder (D)
  3 river rats (D)
  2 leopard geckos (D)
  3 orcs (D)
  2 goblins (D)
  A quokka zombie (D)
15 creatures vanquished.

Notes
Turn   | Place    | Note
-------+----------+-------------------------------------------
     0 | D        | Groucho the Spriggan Enchanter began the quest for the Orb.
     0 | D        | Reached XP level 1. HP: 9/9 MP: 5/5
    11 | D        | Reached skill level 6 in Stealth
    11 | D        | Reached XP level 2. HP: 13/13 MP: 5/7
    45 | D        | Found a radiant altar of Vehumet.
    45 | D        | Found a hide-covered altar of Uskayaw.
    45 | D        | Found an ancient bone altar of Kikubaaqudgha.
    45 | D        | Found a viscous altar of Jiyva.
    45 | D        | Found a hazy altar of Hepliaklqana.
    46 | D        | Found a bloodstained altar of Trog.
    46 | D        | Found a deep blue altar of Sif Muna.
    46 | D        | Found a sacrificial altar of Ru.
    46 | D        | Found a stormy altar of Qazlal.
    46 | D        | Found an iron altar of Okawaru.
    46 | D        | Found a sparkling altar of Nemelex Xobeh.
    46 | D        | Found an opulent altar of Gozag.
    46 | D        | Found a blossoming altar of Fedhas.
    46 | D        | Found a white marble altar of Elyvilon.
    46 | D        | Found a shadowy altar of Dithmenos.
    46 | D        | Found a snail-covered altar of Cheibriados.
    47 | D        | Found a glowing golden altar of the Shining One.
    47 | D        | Found a glowing silver altar of Zin.
    48 | D        | Found a burning altar of Makhleb.
    48 | D        | Found a basalt altar of Yredelemnul.
    48 | D        | Found a roughly hewn altar of Beogh.
    49 | D        | Found a corrupted altar of Lugonu.
    49 | D        | Found a shimmering altar of Xom.
    49 | D        | Found a shattered altar of Ashenzari.
    59 | D        | Became a worshipper of Lugonu the Unformed
    59 | D        | Reached * piety under Lugonu
    87 | D        | Reached ** piety under Lugonu
    87 | D        | Reached skill level 7 in Stealth
   367 | D        | Learned a level 2 spell: Ensorcelled Hibernation
   760 | D        | Reached skill level 8 in Stealth
  1005 | D        | Reached skill level 5 in Hexes
  1005 | D        | Reached XP level 3. HP: 16/16 MP: 2/9
  1007 | D        | Reached *** piety under Lugonu
  1007 | D        | Reached skill level 9 in Stealth
  2029 | D        | Reached skill level 10 in Stealth
  2029 | D        | Reached skill level 5 in Spellcasting
  2029 | D        | Reached skill level 1 in Invocations
  2029 | D        | Reached XP level 4. HP: 21/21 MP: 7/12
  2077 | D        | Noticed an orc warrior
  2101 | D        | Reached **** piety under Lugonu
  2170 | D        | Learned a level 3 spell: Confuse
  2174 | D        | Learned a level 3 spell: Dazzling Spray
  2178 | D        | Learned a level 3 spell: Tukima's Dance
  2189 | D        | Reached skill level 11 in Stealth
  2191 | D        | Hit by a tomahawk thrown by an orc warrior

Skill      XL: |  1  2  3  4 |
---------------+-------------+-----
Stealth        | 6 8 10 11 | 11.1
Spellcasting   | 3 4 5 6 |  6.0
Hexes          | 4 5 6 |  6.4
Invocations    | 1 2 |  2.6
Short Blades   | |  1.1
Dodging        | |  3.0

Action                   |  1- 3 |  4- 6 || total
-------------------------+-------+-------++-------
Melee: Dagger            |    15 |     3 ||    18
Throw: Stone             |     3 |     2 ||     5
 Cast: Ensorcelled Hiber |    17 |     4 ||    21
       Dazzling Spray    |       |     1 ||     1
  Use: Potion            |     1 |       ||     1
 Stab: Sleeping          |    11 |     2 ||    13
       Invisible         |       |     1 ||     1
Dodge: Dodged            |    15 |     5 ||    20
